 Dungeon Crawl Stone Soup version 0.29.0-10-g45618ea6d2 (console) character file.

Game seed: 3793365367250227610

79 jejorda2 the Caller (level 4, -3/37 HPs)
             Began as a Hill Orc Summoner on Sept 1, 2022.
             Slain by Grinder (7 damage)
             ... on level 3 of the Dungeon.
             The game lasted 00:06:17 (2894 turns).

jejorda2 the Caller (Hill Orc Summoner)             Turns: 2894, Time: 00:06:18

Health: -3/37      AC: 11    Str: 12    XL:     4   Next: 37%
Magic:  6/6        EV:  5    Int: 15    God:
Gold:   135        SH:  0    Dex: 11    Spells: 5/6 levels left

rFire   . . .      SeeInvis .   a - +0 flail
rCold   . . .      Faith    .   (no shield)
rNeg    . . .      Spirit   .   j - +0 shadow dragon scales
rPois   .          Reflect  .   (no helmet)
rElec   .          Harm     .   (no cloak)
rCorr   .          Rampage  .   (no gloves)
Will    .....                   (no boots)
Stlth   +++.......              (no amulet)
HPRegen 0.12/turn               (no ring)
MPRegen 0.10/turn               (no ring)

@: no status effects
A: no striking features
a: no special abilities


You were on level 3 of the Dungeon.
You visited 1 branch of the dungeon, and saw 3 of its levels.

You collected 135 gold pieces.

Inventory:

Hand Weapons
 a - a +0 flail (weapon)
 b - a +2 sling of flaming
 o - a +0 whip
Armour
 d - a +0 robe
 j - +0 shadow dragon scales (worn)
Jewellery
 k - an amulet of the acrobat
Wands
 l - a wand of charming (3)
Scrolls
 c - 6 scrolls of identify {unknown}
 e - a scroll of teleportation {unknown}
 f - a scroll of enchant weapon {unknown}
 g - a scroll of vulnerability {unknown}
 i - a scroll of butterflies {unknown}
 m - a scroll of acquirement {unknown}
 n - a scroll of blinking {unknown}
 p - a scroll of immolation {unknown}
Potions
 h - a potion of magic


   Skills:
 + Level 2.4 Fighting
 * Level 2.0 Maces & Flails
 + Level 1.2 Armour
 - Level 1.5 Dodging
 - Level 1.5 Stealth
 - Level 1.9 Spellcasting
 - Level 4.2 Summonings


You had 5 spell levels left.
You knew the following spells:

 Your Spells              Type           Power      Damage    Failure   Level
a - Summon Small Mammal   Summ           56%        N/A       86%         1

Your spell library contained the following spells:

 Spells                   Type           Power      Damage    Failure   Level
 Call Imp                 Summ           14%        N/A       95%         2
 Call Canine Familiar     Summ           14%        N/A       99%         3
 Sting                    Tmut/Pois      4%         1d3       100%        1
 Poisonous Vapours        Pois/Air       2%         N/A       100%        2
 Static Discharge         Conj/Air       1%         3-4/arc   100%        2
 Summon Guardian Golem    Hex/Summ       7%         N/A       100%        3
 Dispel Undead            Necr           1%         3d6       100%        4
 Olgreb's Toxic Radiance  Pois           1%         N/A       100%        4
 Sticky Flame             Conj/Fire      1%         2d3       100%        4
 Summon Lightning Spire   Summ/Air       7%         N/A       100%        4


Dungeon Overview and Level Annotations

Branches:
Dungeon (3/15)

Altars:

Annotations:
D:3 Grinder


Message History

Grinder is heavily wounded.
Grinder gestures at you. You resist with significant effort.
Grinder barely misses you.
You closely miss Grinder.
Grinder is heavily wounded.
Grinder hits you but does no damage.
You barely miss Grinder.
Grinder is heavily wounded.
Grinder hits you but does no damage.
You closely miss Grinder.
Grinder is heavily wounded.
Grinder hits you but does no damage.
You hit Grinder.
Grinder is severely wounded.
Grinder hits you but does no damage. Grinder gestures at you.
Pain shoots through your body!
You completely miss Grinder.
Grinder is severely wounded.
Grinder hits you.
You writhe in agony.
You closely miss Grinder.
Grinder is severely wounded.
Grinder hits you.
You writhe in agony.
You hit Grinder.
Grinder is severely wounded.
Grinder hits you but does no damage. Grinder hits you.
You hit Grinder but do no damage.
Grinder is severely wounded.
Grinder hits you but does no damage.
You hit Grinder.
Grinder is severely wounded.
Grinder hits you.
* * * LOW HITPOINT WARNING * * *
You writhe in agony.
* * * LOW HITPOINT WARNING * * *
Unknown command.
You barely miss Grinder.
Grinder is severely wounded.
Grinder closely misses you. Grinder hits you!
You die...

#.# #.# ####.####
#.......######### #
#.##.##.......#.#.#.
# #.......##.......
####.##......#.#
##.####......#
......5@..####
#######...# #(..#
#...# #...# #....
#..... .....#.


You could see Grinder.

Vanquished Creatures
  An adder (D:2)
  A worm (D:2)
  2 dart slugs
  3 orcs (D:3)
  8 ball pythons
  3 endoplasms (D:2)
  3 giant cockroaches (D:2)
  4 goblins
  3 hobgoblins
  3 jackals (D:2)
  2 kobolds (D:2)
  2 quokkas (D:2)
  3 bats
  3 frilled lizards
  2 rats
43 creatures vanquished.

Vanquished Creatures (collateral kills)
  A dart slug (D:1)
  2 giant cockroaches (D:1)
  A hobgoblin (D:1)
  A kobold (D:1)
  A quokka (D:1)
  3 ball pythons (D:1)
9 creatures vanquished.

Grand Total: 52 creatures vanquished

Notes
Turn   | Place    | Note
-------+----------+-------------------------------------------
     0 | D:1      | jejorda2 the Hill Orc Summoner began the quest for the Orb.
     0 | D:1      | Reached XP level 1. HP: 14/14 MP: 3/3
   135 | D:1      | Reached skill level 1 in Fighting
   198 | D:1      | Reached XP level 2. HP: 23/23 MP: 1/4
   510 | D:1      | Found a faded altar of an unknown god.
   511 | D:1      | Noticed an eye of devastation
   517 | D:1      | Noticed a floating eye
   525 | D:1      | Noticed a floating eye
   546 | D:1      | Noticed a golden eye
   787 | D:1      | Reached skill level 1 in Maces & Flails
   787 | D:1      | Reached XP level 3. HP: 26/28 MP: 5/5
  1085 | D:2      | HP: 1/29 [worm (7)]
  1880 | D:2      | Reached skill level 1 in Armour
  1880 | D:2      | Reached XP level 4. HP: 4/36 MP: 6/6
  2874 | D:3      | Noticed Grinder
  2874 | D:3      | Paralysed by Grinder for 3 turns
  2894 | D:3      | Slain by Grinder

Illustrated notes

Levels and vault maps discovered:
D:1:      onia_arrival_pentagram, layout_basic,
          hellmonk_ecumenical_altar_watching_god
D:2:      layout_basic, kennysheep_generic_room_7
D:3:      layout_loops_cross, lemuel_tele_altar, st_stairs_4, uniq_robin,
          uniq_grinder

Skill      XL: |  1  2  3  4 |
---------------+-------------+-----
Fighting       | 1 2 |  2.4
Maces & Flails | 1 2 |  2.0
Armour         | 1 |  1.2
Dodging        | |  1.5
Stealth        | |  1.5
Spellcasting   | |  1.9
Summonings     | |  4.2

Action                   |  1- 3 |  4- 6 || total
-------------------------+-------+-------++-------
Melee: Unarmed           |     8 |       ||     8
       Club              |    75 |       ||    75
       Punch             |     3 |       ||     3
       Whip              |    36 |    55 ||    91
       Flail             |       |    15 ||    15
 Fire: Sling             |    35 |     1 ||    36
 Cast: Summon Small Mamm |    14 |       ||    14
  Use: Potion            |     1 |       ||     1
 Stab: Sleeping          |     2 |     2 ||     4
Armor: Robe              |    10 |       ||    10
       Shadow dragon sca |    50 |    44 ||    94
Dodge: Dodged            |    61 |    15 ||    76
